Map: 로스트 앤 파운드 - 래더

Players

Rogue - Winner!

  • Race: Zerg Zerg
  • Spawn Location: 7:00

ShoWTimE

  • Race: Protoss Protoss
  • Spawn Location: 1:00

Event: HomeStory Cup XVIII

VOD

Have the link to the VOD?

Description

Time

  • Played on: Nov. 22, 2018, 7:51 a.m.
  • Length: 19:52

All games in this series

Show
View Real Time Build Order
Export as new Build Order

Rogue Zerg - Winner!

Build Orders: Hatch First, Brood Lord Corruptor, Swarm Host 

Get SALT Encoding   

  12  0:00  Drone  
  13  0:12  Overlord  
  13  0:17  Drone  
  14  0:30  Drone x2  
  16  0:48  Hatchery  
  15  0:51  Drone  
  15  0:54  Drone  
  17  0:57  Drone  
  18  1:09  Extractor  
  17  1:13  Spawning Pool  
  17  1:15  Drone  
  17  1:18  Drone  
  18  1:28  Drone  
  19  1:39  Drone  
  20  1:48  Hatchery  
  20  1:51  Drone  
  20  2:01  Queen  
  20  2:04  Drone  
  20  2:07  Drone  
  24  2:13  Drone  
  24  2:14  Drone  
  26  2:20  Metabolic Boost  
  26  2:25  Overlord  
  26  2:30  Zergling x2  
  26  2:32  Zergling x2  
  28  2:43  Queen x2  
  32  2:45  Zergling x2  
  32  2:48  Drone  
  32  2:50  Drone  
  35  2:56  Drone  
  36  3:00  Drone x2  
  36  3:03  Queen  
  40  3:07  Overlord  
  40  3:12  Drone x2  
  42  3:18  Overlord  
  42  3:25  Queen  
  44  3:29  Drone x2  
  44  3:30  Drone x2  
  44  3:33  Zergling x2  
  49  3:37  Zergling x2  
  50  3:43  Overlord  
  50  3:45  Spore Crawler  
  50  3:47  Drone  
  50  3:48  Spore Crawler  
  49  3:54  Drone  
  50  3:56  Overlord  
  50  4:02  Drone x7  
  57  4:09  Overlord  
  57  4:12  Zergling x2  
  57  4:13  Overlord  
  58  4:18  Zergling x6  
  58  4:20  Drone x2  
  63  4:24  Drone, Roach Warren  
  63  4:27  Drone  
  63  4:28  Drone x2  
  63  4:30  Drone  
  65  4:31  Drone  
  65  4:34  Drone x2  
  65  4:35  Lair  
  68  4:38  Extractor  
  68  4:39  Extractor  
  68  4:43  Drone x4  
  70  4:45  Drone  
  70  4:51  Overlord  
  71  4:53  Drone x3  
  71  4:54  Drone  
  71  4:59  Extractor x2  
  71  5:01  Overlord  
  71  5:03  Drone  
  71  5:04  Drone x3  
  75  5:08  Drone, Spore Crawler  
  75  5:10  Drone x3  
  78  5:14  Overlord x2  
  78  5:21  Evolution Chamber  
  77  5:28  Drone x2  
  77  5:29  Drone x2  
  77  5:30  Extractor, Spore Crawler  
  77  5:32  Spore Crawler x2  
  77  5:33  Spore Crawler  
  76  5:37  Drone x4  
  76  5:38  Drone x3  
  83  5:44  Hydralisk Den  
  83  5:46  Zerg Missile Weapons Level 1  
  83  5:49  Drone x4  
  87  5:50  Drone  
  83  5:58  Drone  
  83  5:59  Drone x2  
  86  6:10  Drone x2  
  86  6:16  Spore Crawler  
  86  6:17  Grooved Spines  
  85  6:19  Hydralisk x8  
  100  6:27  Drone  
  100  6:28  Hydralisk x3  
  107  6:36  Overlord x3  
  107  6:41  Drone  
  107  6:43  Infestation Pit  
  107  6:48  Hydralisk x3  
  107  6:53  Overlord  
  113  6:58  Hatchery  
  112  7:02  Drone  
  112  7:03  Drone  
  112  7:04  Overlord  
  112  7:05  Overlord  
  112  7:07  Overseer  
  113  7:24  Swarm Host  
  113  7:25  Swarm Host x10  
  113  7:29  Muscular Augments  
  145  7:30  Swarm Host  
  145  7:34  Swarm Host  
  145  7:36  Overlord  
  145  7:37  Overlord x2  
  149  7:38  Glial Reconstitution  
  148  7:49  Overlord x2  
  148  8:02  Swarm Host x4  
  156  8:18  Hydralisk x7  
  170  8:21  Drone  
  170  8:22  Drone x7  
  170  8:24  Extractor  
  170  8:25  Extractor  
  176  8:27  Hatchery  
  176  8:33  Zerg Missile Weapons Level 2  
  172  8:38  Zergling x2  
  172  8:39  Zergling x12  
  179  8:43  Hive  
  179  8:56  Roach x9  
  179  9:02  Spire  
  194  9:04  Drone x4  
  198  9:11  Zergling x4  
  199  9:23  Zergling x2  
  194  9:33  Zergling x10  
  199  9:45  Hydralisk x2  
  187  9:58  Zergling x20  
  187  9:59  Zergling x10  
  200  10:01  Adrenal Glands  
  200  10:05  Hatchery  
  188  10:30  Corruptor x7  
  197  10:36  Hydralisk  
  197  10:41  Spire  
  187  10:45  Hydralisk  
  187  10:46  Hydralisk x7  
  187  10:49  Drone x3  
  196  10:50  Drone x3  
  194  10:57  Zerg Missile Weapons Level 3  
  194  11:04  Drone x7  
  199  11:47  Hatchery  
  199  11:53  Greater Spire  
  197  11:54  Hatchery  
  196  12:19  Drone  
  196  12:20  Drone x3  
  200  12:32  Pneumatized Carapace  
  185  13:06  Brood Lord  
  185  13:07  Brood Lord x6  
  195  13:13  Overlord  
  195  13:17  Hydralisk x2  
  195  13:18  Overlord  
  190  13:23  Hydralisk x6  
  169  13:36  Corruptor x11  
  169  13:37  Corruptor x2  
  169  13:39  Hydralisk x2  
  169  13:40  Hydralisk x4  
  185  13:50  Hydralisk x6  
  185  13:52  Hydralisk  
  185  13:53  Zergling x12  
  185  13:54  Zergling x2  
  196  13:59  Overlord  
  196  14:02  Zergling x10  
  193  14:03  Zergling x2  
  193  14:08  Hydralisk  
  191  14:23  Extractor, Hatchery  
  189  14:24  Extractor  
  187  14:42  Hydralisk  
  187  14:43  Hydralisk x4  
  178  14:47  Zergling x2  
  178  14:48  Hydralisk  
  178  15:01  Queen, Zergling x8  
  178  15:02  Zergling x2  
  185  15:08  Hydralisk  
  183  15:21  Hydralisk x3  
  178  15:26  Queen  
  186  15:32  Extractor x2  
  184  15:39  Hydralisk x2  
  178  16:06  Drone x3  
  181  16:14  Brood Lord  
  181  16:15  Brood Lord x2  
  181  16:16  Brood Lord  
  181  16:18  Zergling x14  
  194  16:25  Hydralisk x2  
  191  16:33  Hydralisk x2  
  194  16:43  Brood Lord  
  196  16:48  Zergling x2  
  196  16:49  Zergling x4  
  191  17:12  Hydralisk x5  
  191  17:13  Hatchery  
  193  17:22  Zergling x8  
  194  17:23  Zergling x6  
  164  17:33  Hydralisk  
  164  17:34  Hydralisk x2  
  159  17:42  Zergling x8  
  150  17:51  Hydralisk  
  150  18:02  Hydralisk Den  
  149  18:08  Roach x4  
  149  18:09  Roach x5  
  162  18:26  Zergling x2  
  152  18:27  Zergling x4  
  152  18:28  Zergling x16  
  152  18:32  Zergling x4  
  131  18:49  Hydralisk x2  
  131  18:50  Hydralisk x4  
  137  19:06  Hydralisk  
  137  19:07  Hydralisk x4  
  143  19:16  Hydralisk x3  
  145  19:20  Hydralisk  
  145  19:23  Zergling x2  
  145  19:24  Zergling x4  
  150  19:26  Zergling x4  
  150  19:30  Zergling x4  
  145  19:31  Zergling x2  
Show
View Real Time Build Order
Export as new Build Order

ShoWTimE Protoss 

Build Orders: 1 Gate Expand, Oracle Opening, Phoenix Opening, Chargelot Immortal, Mass Phoenix 

Get SALT Encoding   

  12  0:00  Probe  
  13  0:12  Probe  
  14  0:17  Pylon  
  14  0:24  Probe  
  15  0:32  Probe  
  15  0:40  Probe  
  15  0:41  Gateway  
  16  0:46  Assimilator  
  17  0:51  Probe  
  18  1:03  Probe  
  19  1:15  Probe  
  20  1:25  Nexus  
  20  1:34  Cybernetics Core  
  20  1:37  Probe  
  21  1:44  Assimilator  
  21  1:49  Probe  
  21  1:52  Pylon  
  22  2:01  Probe  
  22  2:02  Adept  
  23  2:13  Probe  
  23  2:15  Stargate  
  26  2:23  Warp Gate  
  26  2:25  Probe  
  26  2:28  Adept  
  29  2:33  Probe x2  
  30  2:41  Probe  
  30  2:42  Probe  
  31  2:51  Probe  
  33  2:52  Probe  
  33  2:54  Phoenix  
  33  2:55  Adept  
  37  3:03  Probe  
  37  3:04  Probe  
  41  3:10  Pylon  
  41  3:15  Oracle, Probe  
  41  3:16  Probe  
  46  3:28  Gateway, Probe x2  
  46  3:32  Assimilator  
  48  3:37  Assimilator  
  48  3:40  Probe x2  
  50  3:42  Pylon  
  50  3:48  Probe  
  50  3:50  Stargate  
  50  3:53  Probe  
  52  3:56  Probe  
  52  4:01  Phoenix  
  55  4:07  Probe  
  56  4:10  Probe  
  56  4:12  Pylon  
  57  4:19  Probe  
  57  4:23  Phoenix  
  58  4:28  Phoenix  
  60  4:33  Adept x2  
  60  4:36  Pylon  
  66  4:41  Phoenix  
  66  4:49  Phoenix  
  66  4:52  Pylon  
  68  4:57  Nexus, Probe x2  
  68  5:06  Phoenix  
  70  5:09  Probe x2  
  45  5:14  Phoenix  
  72  5:15  Shield Battery  
  74  5:22  Sentry, Probe x2  
  74  5:23  Pylon  
  74  5:27  Shield Battery  
  78  5:34  Probe  
  78  5:35  Probe  
  80  5:37  Robotics Facility  
  80  5:39  Robotics Facility  
  80  5:43  Sentry  
  80  5:46  Probe  
  80  5:47  Probe  
  84  5:59  Probe  
  84  6:00  Probe  
  84  6:01  Forge  
  84  6:02  Twilight Council  
  84  6:04  Pylon  
  86  6:11  Probe  
  85  6:12  Probe  
  85  6:13  Probe  
  85  6:15  Assimilator  
  85  6:17  Immortal  
  87  6:19  Assimilator  
  87  6:20  Observer  
  87  6:23  Probe x2  
  87  6:24  Probe  
  90  6:31  Probe  
  93  6:35  Gateway, Protoss Ground Weapons Level 1, Probe  
  93  6:36  Probe  
  93  6:37  Immortal  
  93  6:38  Gateway  
  96  6:42  Charge  
  100  6:51  Gateway  
  100  6:53  Gateway  
  100  6:56  Immortal  
  100  7:01  Templar Archives  
  100  7:03  Immortal  
  100  7:07  Gateway  
  104  7:10  Gateway  
  104  7:15  Pylon  
  104  7:20  Psionic Storm  
  108  7:32  Immortal  
  112  7:37  Pylon  
  112  7:38  High Templar  
  112  7:42  Photon Cannon  
  112  7:43  Pylon, Immortal  
  114  7:49  Pylon, High Templar  
  120  8:05  Immortal  
  120  8:07  High Templar  
  126  8:13  High Templar, Photon Cannon  
  126  8:15  Shield Battery  
  126  8:16  Shield Battery  
  128  8:20  Shield Battery  
  128  8:21  Warp Prism  
  128  8:23  Pylon  
  130  8:29  Pylon  
  130  8:36  Zealot  
  130  8:37  High Templar, Protoss Ground Weapons Level 2  
  130  8:40  Zealot x5  
  144  8:44  Immortal  
  148  8:51  High Templar  
  146  8:56  Pylon  
  146  8:57  Immortal  
  150  9:03  Zealot x6  
  160  9:15  High Templar  
  160  9:18  Pylon  
  160  9:23  Nexus, Immortal  
  162  9:31  High Templar x2  
  164  9:34  Archon  
  164  9:37  Zealot x4, Immortal  
  143  9:55  Zealot x2  
  143  9:58  High Templar x2  
  143  9:59  Zealot x2  
  153  10:02  Immortal  
  153  10:05  Zealot, Photon Cannon  
  153  10:06  Shield Battery  
  159  10:07  Zealot  
  161  10:17  Zealot x2  
  165  10:27  Zealot x4  
  169  10:32  Zealot x2  
  169  10:33  Nexus  
  171  10:35  Protoss Ground Weapons Level 3  
  171  10:37  High Templar  
  171  10:39  Immortal  
  171  10:41  Shield Battery, Observer  
  171  10:43  Shield Battery  
  171  10:49  Pylon  
  174  10:56  Zealot x4  
  170  10:59  High Templar x2  
  168  11:07  Blink  
  168  11:18  Warp Prism  
  150  11:19  Zealot x2  
  150  11:20  Zealot x2  
  150  11:22  High Templar x2  
  160  11:38  Stalker x2  
  162  11:44  Stalker x3  
  153  12:01  Fleet Beacon  
  153  12:02  Stalker x3  
  153  12:03  Probe x2  
  153  12:05  Probe  
  162  12:08  Stalker  
  162  12:11  Stalker  
  162  12:14  Stalker  
  168  12:22  Assimilator  
  168  12:27  High Templar x2, Assimilator  
  172  12:31  Photon Cannon, Archon  
  172  12:32  Zealot x2  
  172  12:33  Photon Cannon  
  172  12:35  Zealot x2  
  180  12:39  Zealot  
  180  12:43  Observer  
  182  12:45  Zealot  
  180  13:02  Stalker x4  
  188  13:08  Pylon  
  188  13:09  Pylon  
  184  13:19  Zealot x2  
  186  13:36  Stalker x6  
  186  13:39  Probe x2  
  186  13:41  Probe  
  186  13:46  Tempest  
  183  13:51  Zealot x2  
  177  13:59  Zealot  
  177  14:00  Zealot  
  178  14:08  Tempest  
  169  14:23  Nexus  
  167  14:37  Zealot x4  
  161  14:47  Stalker x2  
  155  14:56  Stalker x2  
  155  14:58  High Templar x2  
  158  15:03  Stalker  
  158  15:07  Stalker  
  155  15:18  Stalker x2  
  147  15:21  Stalker  
  147  15:27  Stalker  
  146  15:31  Stalker  
  148  15:41  Stalker x2  
  152  15:56  High Templar x2  
  152  15:57  High Templar x4  
  158  16:01  Archon  
  158  16:02  Archon x2  
  164  16:14  Stalker x2  
  152  16:35  Nexus  
  152  16:37  Pylon  
  152  16:38  Stalker x4  
  156  16:40  High Templar x2  
  156  16:43  High Templar x2  
  164  16:47  Pylon  
  164  16:50  Archon  
  160  17:00  Shield Battery  
  158  17:09  Nexus  
  158  17:17  Zealot x2  
  158  17:20  Archon  
  135  17:31  Archon, Stalker x2  
  135  17:32  Archon  
  127  17:37  Stalker  
  115  18:01  Stalker x5  
  123  18:11  Zealot  
  125  18:16  Zealot  
  121  18:22  Zealot  
  109  18:36  Stalker x2  
  109  18:37  Stalker  
  109  18:41  Stalker  
  111  18:54  High Templar x3  
  109  19:05  High Templar x3  
  111  19:19  Zealot  
  113  19:24  Assimilator  
  113  19:26  Assimilator  
  107  19:33  Archon  
  95  19:41  Zealot x2  
  95  19:42  Zealot x5  
Tags
 
Add a new tag
Caveats
  • Supply blocks, unpowered buildings, or Contaminate may cause inaccurate times.
  • Supply counts are checked every 10 seconds.